AoeStats
← SHIOZEN

Golden Pit

509627937Analyzed
1v1 RM · 5d ago on Sep 27, 2026· 30m 44s· 2 players
Game mode
Random Map
Map size
Tiny (2 player)
Population
200
Speed
Normal
Resources
Standard
Victory
Conquest
Starting age
Dark Age
Ending age
Imperial Age
RankedLock teamsTeams togetherTeam positionsShared explorationLock speedFull tech treeHidden civsTurbo modeCheats
Victory
Defeat
🇦🇺 Magyars · Australia
1544
+16
🇨🇴 Turks · Colombia
1550
-16
Atula King
5:59 Loom
8:53 Feudal Age
9:29 Double-Bit Axe
19:23 Castle Age
19:17 Fletching
19:19 Gold Mining
19:43 Horse Collar
20:17 Bodkin Arrow
21:23 Husbandry
21:48 Bow Saw
27:32 Bloodlines
27:25 Padded Archer Armor
28:58 Ballistics
30:09 Wheelbarrow
SHIOZEN
5:08 Loom
9:27 Feudal Age
10:24 Double-Bit Axe
11:34 Horse Collar
21:22 Castle Age
19:48 Gold Mining
20:47 Bloodlines
21:45 Scale Barding Armor
21:53 Forging
23:18 Husbandry
Connection lost

Rejoining the realm…

Still unreachable

The connection could not be restored.

Session expired

The server has moved on; the page needs a fresh start.